AoeStats
← web

Arena

506735641Analyzed
1v1 RM · 18d ago on Sep 14, 2026· 43m 42s· 2 players
Game mode
Random Map
Map size
Tiny (2 player)
Population
200
Speed
Normal
Resources
Standard
Victory
Conquest
Starting age
Dark Age
Ending age
Imperial Age
RankedLock teamsTeams togetherTeam positionsShared explorationLock speedFull tech treeHidden civsTurbo modeCheats
Victory
Defeat
🇺🇸 Spanish · United States
1403
+14
🇬🇧 Goths · United Kingdom
1368
-14
Satellites of Heaven
12:14 Feudal Age
15:55 Castle Age
14:07 Double-Bit Axe
14:13 Horse Collar
15:47 Loom
16:20 Town Watch
17:00 Double-Bit Axe
22:45 Fletching
32:07 Imperial Age
35:58 Elite Skirmisher
40:38 Bow Saw
41:20 Bodkin Arrow
41:43 Padded Archer Armor
43:03 Ballistics
43:01 Leather Archer Armor
44:32 Ring Archer Armor
web
10:50 Feudal Age
15:09 Castle Age
13:07 Double-Bit Axe
13:29 Horse Collar
13:59 Loom
16:29 Fletching
22:49 Bow Saw
30:02 Wheelbarrow
31:03 Hand Cart
34:33 Imperial Age
33:40 Town Watch
37:05 Chemistry
37:59 Elite Conquistador
39:58 Bloodlines
39:49 Husbandry
39:51 Padded Archer Armor
39:46 Light Cavalry
42:24 Conscription
42:02 Hussar
43:08 Leather Archer Armor
43:41 Scale Barding Armor
43:47 Forging
Connection lost

Rejoining the realm…

Still unreachable

The connection could not be restored.

Session expired

The server has moved on; the page needs a fresh start.